[ AOE2 MATCH · #507825225 ]
UnrankedSicilians vs Celts
Player's team · WIN
Rival team · LOSS
[ REPLAY ANALYSIS · EXTRACTED FROM THE RECORDED GAME ]
Feudal
43:58
Castle
68:36
Imperial
—
| APM avg | 25.7 |
| APM peak | 142 |
| eAPM avg | 17.8 |
| Villagers / military | 138 / 32 |
Focus
⚔️ 29.1% · 🌾 70.9%
Scout Cavalry ×15 · Serjeant ×14 · Knight ×2 · Spearman ×1
Feudal
13:43
Castle
—
Imperial
—
| APM avg | 43.9 |
| APM peak | 95 |
| eAPM avg | 32.2 |
| Villagers / military | 185 / 33 |
Focus
⚔️ 23.0% · 🌾 77.0%
Militia ×17 · Spearman ×9 · Archer ×7
Match map
Initial resources + every placement click. Lines = walls · curves = elevation contours. ◆ gold · ⬟ stone · ● berries · ✦ relic · ◌ wall gap
Your base· ✓ Closed at 68:36 · 88t walls · 5 gate(s)
hro_ros's base· ✓ Closed at 12:00 · 0t walls · 3 gate(s)
Smoothed initial terrain · ◌ = detected wall gap · hover for details
Inputs per minute
— PoopMaster - - hro_ros
Build order — PoopMaster
First 150 of 302 actions detected
| 0:16 | Queue | Villager (Male) ×4 |
| 0:18 | Build | House |
| 0:20 | Build | House |
| 0:23 | Build | House |
| 0:24 | Build | House |
| 1:58 | Queue | Villager (Male) |
| 1:58 | Queue | Villager (Male) |
| 2:38 | Queue | Villager (Male) |
| 2:38 | Queue | Villager (Male) |
| 2:59 | Queue | Villager (Male) |
| 2:59 | Queue | Villager (Male) |
| 3:29 | Queue | Villager (Male) |
| 3:42 | Build | Lumber Camp |
| 3:43 | Queue | Villager (Male) |
| 3:43 | Queue | Villager (Male) |
| 4:01 | Queue | Villager (Male) |
| 4:02 | Queue | Villager (Male) |
| 4:16 | Queue | Villager (Male) |
| 4:16 | Queue | Villager (Male) |
| 4:49 | Queue | Villager (Male) |
| 5:04 | Queue | Villager (Male) |
| 5:20 | Queue | Villager (Male) |
| 5:35 | Queue | Villager (Male) |
| 6:07 | Queue | Villager (Male) |
| 6:29 | Research | Loom |
| 6:35 | Build | Mill |
| 6:37 | Queue | Villager (Male) |
| 7:10 | Queue | Villager (Male) |
| 7:20 | Queue | Villager (Male) |
| 8:35 | Build | Town Center |
| 9:09 | Queue | Villager (Male) |
| 9:09 | Queue | Villager (Male) |
| 9:10 | Queue | Villager (Male) |
| 9:49 | Queue | Villager (Male) |
| 10:05 | Build | Palisade Wall |
| 10:07 | Build | Palisade Wall |
| 10:25 | Build | House |
| 10:28 | Build | House |
| 10:33 | Queue | Villager (Male) |
| 10:34 | Queue | Villager (Male) |
| 10:44 | Build | House |
| 10:47 | Build | House |
| 10:51 | Build | Palisade Wall |
| 10:57 | Queue | Villager (Male) |
| 11:40 | Queue | Villager (Male) |
| 11:50 | Build | House |
| 11:55 | Queue | Villager (Male) |
| 12:58 | Build | Town Center |
| 13:37 | Queue | Villager (Male) |
| 13:37 | Queue | Villager (Male) |
| 13:38 | Queue | Villager (Male) |
| 13:38 | Queue | Villager (Male) |
| 13:38 | Queue | Villager (Male) |
| 14:21 | Build | Palisade Wall |
| 15:01 | Build | Palisade Wall |
| 15:04 | Queue | Villager (Male) |
| 15:04 | Queue | Villager (Male) |
| 15:16 | Queue | Villager (Male) |
| 15:16 | Queue | Villager (Male) |
| 15:40 | Queue | Villager (Male) |
| 16:07 | Build | Palisade Gate |
| 16:36 | Queue | Villager (Male) |
| 16:36 | Queue | Villager (Male) |
| 17:22 | Queue | Villager (Male) |
| 17:46 | Queue | Villager (Male) |
| 18:20 | Queue | Villager (Male) |
| 18:53 | Build | Palisade Gate |
| 19:09 | Queue | Villager (Male) |
| 19:45 | Queue | Villager (Male) |
| 20:04 | Queue | Villager (Male) |
| 20:49 | Queue | Villager (Male) |
| 20:49 | Queue | Villager (Male) |
| 21:24 | Queue | Villager (Male) |
| 21:24 | Queue | Villager (Male) |
| 22:33 | Queue | Villager (Male) |
| 22:58 | Queue | Villager (Male) |
| 22:58 | Queue | Villager (Male) |
| 23:41 | Queue | Villager (Male) |
| 24:27 | Build | Farm |
| 24:27 | Build | Farm |
| 24:33 | Build | Palisade Gate |
| 24:34 | Build | Palisade Wall |
| 24:44 | Build | Farm |
| 24:44 | Build | Farm |
| 24:44 | Build | Farm |
| 24:44 | Build | Farm |
| 24:45 | Build | Farm |
| 24:45 | Build | Farm |
| 26:01 | Queue | Villager (Male) |
| 26:02 | Queue | Villager (Male) |
| 27:05 | Queue | Villager (Male) |
| 27:05 | Queue | Villager (Male) |
| 27:43 | Build | Farm |
| 27:43 | Build | Farm |
| 27:59 | Queue | Villager (Male) |
| 27:59 | Queue | Villager (Male) |
| 28:09 | Queue | Villager (Male) |
| 28:23 | Build | Farm |
| 28:58 | Queue | Villager (Male) |
| 28:58 | Queue | Villager (Male) |
| 29:54 | Queue | Villager (Male) |
| 29:54 | Queue | Villager (Male) |
| 30:17 | Build | Palisade Wall |
| 30:18 | Build | Palisade Wall |
| 30:20 | Build | Palisade Wall |
| 30:23 | Build | Palisade Wall |
| 30:24 | Build | Palisade Wall |
| 30:33 | Queue | Villager (Male) |
| 30:53 | Build | Farm |
| 30:53 | Build | Farm |
| 30:54 | Build | Farm |
| 30:54 | Build | Farm |
| 30:54 | Build | Farm |
| 31:05 | Queue | Villager (Male) |
| 31:05 | Queue | Villager (Male) |
| 31:35 | Queue | Villager (Male) |
| 31:35 | Queue | Villager (Male) |
| 32:13 | Queue | Villager (Male) |
| 32:52 | Queue | Villager (Male) |
| 32:53 | Queue | Villager (Male) |
| 33:21 | Queue | Villager (Male) |
| 33:26 | Build | Farm |
| 33:27 | Build | Farm |
| 33:27 | Build | Farm |
| 33:27 | Build | Farm |
| 33:28 | Build | Farm |
| 33:28 | Build | Farm |
| 33:36 | Queue | Villager (Male) |
| 33:37 | Queue | Villager (Male) |
| 34:02 | Build | Palisade Wall |
| 34:04 | Build | Palisade Wall |
| 34:06 | Build | Palisade Wall |
| 35:20 | Queue | Villager (Male) |
| 35:20 | Queue | Villager (Male) |
| 35:21 | Queue | Villager (Male) |
| 35:36 | Build | Palisade Wall |
| 35:37 | Build | Palisade Wall |
| 35:40 | Build | Palisade Wall |
| 35:41 | Build | Palisade Wall |
| 35:42 | Build | Palisade Wall |
| 35:59 | Queue | Villager (Male) |
| 35:59 | Queue | Villager (Male) |
| 36:05 | Research | Feudal Age |
| 39:09 | Build | Town Center |
| 39:51 | Build | Lumber Camp |
| 40:05 | Queue | Villager (Male) |
| 40:05 | Queue | Villager (Male) |
| 40:05 | Queue | Villager (Male) |
| 40:25 | Queue | Villager (Male) |
| 40:26 | Queue | Villager (Male) |
Build order — hro_ros
First 150 of 357 actions detected
| 0:01 | Queue | Villager (Male) ×4 |
| 0:02 | Build | House |
| 0:04 | Build | House |
| 1:14 | Queue | Villager (Male) |
| 1:14 | Queue | Villager (Male) |
| 1:42 | Queue | Villager (Male) |
| 1:42 | Queue | Villager (Male) |
| 2:02 | Queue | Villager (Male) |
| 2:06 | Build | Lumber Camp |
| 2:42 | Queue | Villager (Male) |
| 2:42 | Queue | Villager (Male) |
| 3:05 | Queue | Villager (Male) |
| 3:26 | Queue | Villager (Male) |
| 4:15 | Queue | Villager (Male) |
| 4:30 | Queue | Villager (Male) |
| 4:33 | Build | House |
| 4:37 | Research | Loom |
| 4:45 | Queue | Villager (Male) |
| 4:46 | Queue | Villager (Male) |
| 4:48 | Queue | Villager (Male) |
| 5:02 | Queue | Villager (Male) |
| 5:03 | Queue | Villager (Male) |
| 5:41 | Build | Mill |
| 5:57 | Queue | Villager (Male) |
| 5:57 | Queue | Villager (Male) |
| 6:09 | Build | House |
| 6:30 | Queue | Villager (Male) |
| 6:59 | Queue | Villager (Male) |
| 7:09 | Build | Farm |
| 7:12 | Build | Farm |
| 7:15 | Build | Farm |
| 7:20 | Build | Farm |
| 7:53 | Queue | Villager (Male) |
| 8:00 | Build | House |
| 8:02 | Queue | Villager (Male) |
| 8:06 | Build | Farm |
| 9:03 | Queue | Villager (Male) |
| 9:04 | Queue | Villager (Male) |
| 9:19 | Queue | Villager (Male) |
| 9:32 | Queue | Villager (Male) |
| 9:35 | Queue | Villager (Male) |
| 9:40 | Build | Farm |
| 9:43 | Build | Farm |
| 9:44 | Queue | Villager (Male) |
| 9:48 | Build | Farm |
| 9:50 | Queue | Villager (Male) |
| 9:56 | Queue | Villager (Male) |
| 10:00 | Build | Farm |
| 10:04 | Queue | Villager (Male) |
| 10:08 | Build | Farm |
| 10:21 | Build | Farm |
| 10:23 | Queue | Villager (Male) |
| 10:27 | Build | Farm |
| 10:46 | Queue | Villager (Male) |
| 10:53 | Build | Mining Camp |
| 11:07 | Queue | Villager (Male) |
| 11:15 | Build | Farm |
| 11:19 | Build | House |
| 11:31 | Research | Feudal Age |
| 11:31 | Research | Feudal Age |
| 12:02 | Queue | Villager (Male) |
| 12:13 | Build | House |
| 12:16 | Build | House |
| 12:19 | Build | House |
| 12:40 | Build | Palisade Wall |
| 12:55 | Build | Palisade Wall |
| 13:39 | Build | Lumber Camp |
| 13:43 | Age | Feudal Age |
| 13:56 | Build | Lumber Camp |
| 13:57 | Queue | Villager (Male) |
| 14:10 | Queue | Villager (Male) |
| 14:20 | Queue | Villager (Male) |
| 14:32 | Queue | Villager (Male) |
| 14:45 | Queue | Villager (Male) |
| 15:37 | Build | Blacksmith |
| 15:42 | Build | Farm |
| 15:43 | Build | Farm |
| 16:23 | Queue | Villager (Male) |
| 16:23 | Queue | Villager (Male) |
| 16:43 | Queue | Villager (Male) |
| 17:02 | Queue | Villager (Male) |
| 17:03 | Queue | Villager (Male) |
| 17:28 | Queue | Villager (Male) |
| 17:28 | Queue | Villager (Male) |
| 17:53 | Queue | Villager (Male) |
| 17:53 | Queue | Villager (Male) |
| 18:15 | Queue | Villager (Male) |
| 18:47 | Queue | Villager (Male) |
| 18:47 | Queue | Villager (Male) |
| 19:05 | Queue | Villager (Male) |
| 19:33 | Queue | Villager (Male) |
| 20:07 | Queue | Villager (Male) |
| 20:07 | Queue | Villager (Male) |
| 22:00 | Queue | Villager (Male) |
| 22:00 | Queue | Villager (Male) |
| 23:09 | Build | Town Center |
| 24:38 | Build | Mill |
| 26:47 | Queue | Villager (Male) ×5 |
| 26:47 | Queue | Villager (Male) ×5 |
| 27:00 | Build | Farm |
| 27:02 | Build | Farm |
| 27:06 | Build | Farm |
| 28:35 | Queue | Villager (Male) |
| 28:35 | Queue | Villager (Male) |
| 28:37 | Build | Farm |
| 29:24 | Queue | Villager (Male) |
| 29:25 | Queue | Villager (Male) |
| 29:27 | Build | Farm |
| 29:45 | Build | Farm |
| 29:47 | Build | Farm |
| 29:55 | Build | Farm |
| 30:11 | Queue | Villager (Male) |
| 30:11 | Queue | Villager (Male) |
| 30:23 | Build | Farm |
| 30:24 | Build | Farm |
| 30:50 | Queue | Villager (Male) |
| 30:51 | Queue | Villager (Male) |
| 31:14 | Queue | Villager (Male) |
| 31:14 | Queue | Villager (Male) |
| 31:40 | Queue | Villager (Male) |
| 31:45 | Build | Farm |
| 31:47 | Queue | Villager (Male) |
| 32:26 | Build | Farm |
| 32:27 | Queue | Villager (Male) |
| 32:43 | Queue | Villager (Male) |
| 33:05 | Queue | Villager (Male) |
| 33:05 | Queue | Villager (Male) |
| 33:18 | Build | Farm |
| 33:23 | Queue | Villager (Male) |
| 33:24 | Queue | Villager (Male) |
| 33:38 | Queue | Villager (Male) |
| 33:38 | Queue | Villager (Male) |
| 33:50 | Queue | Villager (Male) |
| 33:51 | Queue | Villager (Male) |
| 34:01 | Build | Farm |
| 34:32 | Research | Wheelbarrow |
| 34:32 | Research | Wheelbarrow |
| 35:23 | Queue | Villager (Male) |
| 35:32 | Build | Farm |
| 35:34 | Build | Farm |
| 35:52 | Queue | Villager (Male) |
| 36:05 | Queue | Villager (Male) |
| 36:19 | Build | Farm |
| 36:29 | Research | Double-Bit Axe |
| 36:39 | Build | House |
| 36:58 | Queue | Villager (Male) |
| 37:50 | Queue | Villager (Male) |
| 37:51 | Queue | Villager (Male) |
| 37:55 | Build | Mining Camp |
| 37:55 | Queue | Villager (Male) |
Match timeline
| 10:05 | PoopMaster · wall_segment Palisade Wall x4 |
| 10:07 | PoopMaster · wall_segment Palisade Wall x5 |
| 10:51 | PoopMaster · wall_segment Palisade Wall x3 |
| 12:40 | hro_ros · wall_segment Palisade Wall x1 |
| 12:55 | hro_ros · wall_segment Palisade Wall x1 |
| 13:43 | hro_ros · age_up feudal |
| 14:21 | PoopMaster · wall_segment Palisade Wall x1 |
| 15:01 | PoopMaster · wall_segment Palisade Wall x15 |
| 24:34 | PoopMaster · wall_segment Palisade Wall x1 |
| 30:17 | PoopMaster · wall_segment Palisade Wall x4 |
| 30:18 | PoopMaster · wall_segment Palisade Wall x4 |
| 30:20 | PoopMaster · wall_segment Palisade Wall x5 |
| 30:23 | PoopMaster · wall_segment Palisade Wall x2 |
| 30:24 | PoopMaster · wall_segment Palisade Wall x2 |
| 34:02 | PoopMaster · wall_segment Palisade Wall x5 |
| 34:04 | PoopMaster · wall_segment Palisade Wall x4 |
| 34:06 | PoopMaster · wall_segment Palisade Wall x3 |
| 35:36 | PoopMaster · wall_segment Palisade Wall x2 |
| 35:37 | PoopMaster · wall_segment Palisade Wall x1 |
| 35:40 | PoopMaster · wall_segment Palisade Wall x4 |
| 35:41 | PoopMaster · wall_segment Palisade Wall x4 |
| 35:42 | PoopMaster · wall_segment Palisade Wall x1 |
| 41:27 | PoopMaster · wall_segment Palisade Wall x6 |
| 41:29 | PoopMaster · wall_segment Palisade Wall x2 |
| 41:31 | PoopMaster · wall_segment Palisade Wall x6 |
| 41:32 | PoopMaster · wall_segment Palisade Wall x2 |
| 42:54 | PoopMaster · wall_segment Palisade Wall x3 |
| 42:56 | PoopMaster · wall_segment Palisade Wall x4 |
| 42:57 | PoopMaster · wall_segment Palisade Wall x4 |
| 43:58 | PoopMaster · age_up feudal |
| 44:21 | PoopMaster · first_building Barracks |
| 46:03 | hro_ros · wall_segment Stone Wall x10 |
| 46:49 | PoopMaster · first_building Stable |
| 48:53 | PoopMaster · first_building Donjon |
| 49:34 | hro_ros · wall_segment Stone Wall x1 |
| 52:14 | hro_ros · wall_segment Stone Wall x1 |
| 52:17 | hro_ros · wall_segment Stone Wall x3 |
| 52:53 | hro_ros · wall_segment Stone Wall x22 |
| 53:36 | hro_ros · wall_segment Stone Wall x5 |
| 53:55 | hro_ros · wall_segment Stone Wall x1 |
| 54:04 | hro_ros · wall_segment Stone Wall x1 |
| 54:22 | hro_ros · first_building Barracks |
| 54:26 | hro_ros · wall_segment Stone Wall x1 |
| 54:47 | hro_ros · wall_segment Palisade Wall x1 |
| 54:48 | hro_ros · wall_segment Palisade Wall x1 |
| 54:51 | hro_ros · wall_segment Palisade Wall x1 |
| 55:08 | hro_ros · first_building Archery Range |
| 56:08 | hro_ros · wall_segment Palisade Wall x18 |
| 63:20 | hro_ros · first_market_sell 100 wood |
| 66:02 | hro_ros · first_market_buy 100 food |
| 67:06 | PoopMaster · wall_segment Palisade Wall x1 |
| 67:09 | PoopMaster · wall_segment Palisade Wall x1 |
| 68:30 | PoopMaster · wall_segment Palisade Wall x1 |
| 68:36 | PoopMaster · age_up castle |
| 68:50 | hro_ros · resign |
[ AI ANALYSIS · 1 CREDIT ]
What really happened in this match?
Wolo.gg analyzes every decision: build order, eco, micro, common mistakes by bracket. Personalized analysis on WhatsApp or Discord in 30 seconds.
Civ guide
Sicilians
Perfil
Jugador #1099922